 Dungeon Crawl Stone Soup version 0.28.0-49-g6dfe1f597d (webtiles) character file.

Game seed: 11418523375809909484

67 Zeld the Gusty (level 4, -1/25 HPs)
             Began as a Tengu Air Elementalist on May 18, 2022.
             Slain by an adder (3 damage)
             ... on level 3 of the Dungeon.
             The game lasted 00:02:16 (2519 turns).

Zeld the Gusty (Tengu Air Elementalist)             Turns: 2519, Time: 00:02:17

Health: -1/25      AC:  3    Str:  9    XL:     4   Next: 16%
Magic:  1/8        EV: 12    Int: 17    God:
Gold:   81         SH:  0    Dex: 14    Spells: 2/8 levels left

rFire   . . .      SeeInvis .   (no weapon)
rCold   . . .      Faith    .   (no shield)
rNeg    . . .      Spirit   .   a - +0 robe
rPois   .          Reflect  .   (helmet restricted)
rElec   .          Harm     .   (no cloak)
rCorr   .          Rampage  .   h - +0 pair of gloves
Will    .....                   (boots unavailable)
Stlth   ++........              (no amulet)
HPRegen 0.08/turn               (no ring)
MPRegen 0.11/turn               (no ring)

@: no status effects
A: beak, talons 3
a: no special abilities


You were on level 3 of the Dungeon.
You visited 1 branch of the dungeon, and saw 3 of its levels.

You collected 81 gold pieces.

Inventory:

Armour
 a - a +0 robe (worn)
 h - a +0 pair of gloves (worn)
Jewellery
 g - a +6 ring of strength
Scrolls
 b - a scroll of enchant armour {unknown}
 c - a scroll of noise {unknown}
 d - 3 scrolls of identify {unknown}
 e - a scroll of holy word {unknown}
 f - 3 scrolls of amnesia {unknown}


   Skills:
 * Level 1.6 Fighting
 - Level 2.1 Dodging
 + Level 2.4 Stealth
 * Level 2.6 Spellcasting
 - Level 2.0 Conjurations
 * Level 4.8 Air Magic


You had 2 spell levels left.
You knew the following spells:

 Your Spells              Type           Power      Damage    Failure   Level
a - Shock                 Conj/Air       52%        1d6       4%          1
b - Static Discharge      Conj/Air       13%        N/A       7%          2
c - Swiftness             Air            18%        N/A       8%          3

Your spell library contained the following spells:

 Spells                   Type           Power      Damage    Failure   Level
 Airstrike                Air            9%         N/A       26%         4


Dungeon Overview and Level Annotations

Branches:
Dungeon (3/15)

Altars:


Innate Abilities, Weirdness & Mutations

You have a beak for a mouth.
You have claws for feet.


Message History

You are poisoned.
The adder poisons you!
You feel sick. The adder bites you.
You feel sick.
Casting: Static Discharge (safe; 7% risk of failure)
Confirm with . or Enter, or press ? or * to list all spells.
The adder is struck by an arc of lightning.
The adder is heavily wounded.
You are struck by an arc of lightning.
The lightning grounds out.
You feel sick. The adder closely misses you.
Unknown command.
Casting: Static Discharge (safe; 7% risk of failure)
Confirm with . or Enter, or press ? or * to list all spells.
The adder is struck by an arc of lightning.
The adder is severely wounded.
You are struck by an arc of lightning.
* * * LOW HITPOINT WARNING * * *
The lightning grounds out.
You feel sick. The adder bites you.
* * * LOW HITPOINT WARNING * * *
The adder closely misses you.
Unknown command.
Casting: Static Discharge (safe; 7% risk of failure)
Confirm with . or Enter, or press ? or * to list all spells.
The adder is struck by an arc of lightning.
You kill the adder!
The lightning grounds out.
You feel sick.
You are no longer poisoned.
Unknown command.
Unknown command.
Casting: Static Discharge (safe; 7% risk of failure)
Confirm with . or Enter, or press ? or * to list all spells.
Aiming: Shock (safe; 4% risk of failure)
Press: ? - help, Shift-Dir - straight line, f - frilled lizard
Aim: a frilled lizard (48% to hit)
The zap hits the adder.
The adder is moderately wounded.
The zap hits the frilled lizard.
You kill the frilled lizard!
The adder bites you.
You die...

.# #.# .## ..####
..# ###.<... #.##
#.....# #..##
#.....# ##..##
#.....# ###..##
#.$...# # ##..#
#####..# ##. #
##.########..@S.##
#... #
#...)......#####
#..# #.. ##
############ ##..#
#.. .## ####..#
#.. ..## #<...# ..
#..# #....# ##.
##.# #....# #..
#.##
#...)#########..
#..#
#.........(.....


You could see an adder.

Vanquished Creatures
  2 adders
  2 dart slugs (D:1)
  3 ball pythons
  6 endoplasms
  A giant cockroach (D:1)
  3 goblins
  4 hobgoblins
  4 jackals (D:2)
  3 bats
  5 frilled lizards
  4 kobolds
  8 rats
45 creatures vanquished.

Vanquished Creatures (others)
  A fungus (D:2)
  A plant (D:2)
2 creatures vanquished.

Grand Total: 47 creatures vanquished

Notes
Turn   | Place    | Note
-------+----------+-------------------------------------------
     0 | D:1      | Zeld the Tengu Air Elementalist began the quest for the
                  | Orb.
     0 | D:1      | Reached XP level 1. HP: 10/10 MP: 4/4
   322 | D:1      | Reached XP level 2. HP: 16/16 MP: 0/6
   833 | D:1      | Reached skill level 1 in Fighting
  1040 | D:2      | Reached XP level 3. HP: 20/20 MP: 3/7
  1043 | D:2      | Learned a level 2 spell: Static Discharge
  1048 | D:2      | Learned a level 3 spell: Swiftness
  1606 | D:2      | Found a faded altar of an unknown god.
  2476 | D:3      | Reached XP level 4. HP: 15/25 MP: 5/8
  2519 | D:3      | Slain by an adder

Illustrated notes

Levels and vault maps discovered:
D:1:      minmay_arrival_semitransparent, layout_loops_ring
D:2:      layout_loops_cross, dreamdust_ecumenical_altar_grove, serial_rivers,
          chequers_serial_rivers_small_3, chequers_serial_rivers_micro_e,
          chequers_serial_rivers_small_3, chequers_serial_rivers_micro_c
D:3:      layout_rooms, serial_shops, shop, lightli_sewer_entry_pipes

Skill      XL: |  1  2  3 |
---------------+----------+-----
Fighting       | 1 |  1.6
Conjurations   | 2 |  2.0
Dodging        | |  2.1
Stealth        | |  2.4
Spellcasting   | |  2.6
Air Magic      | |  4.8

Action                   |  1- 3 |  4- 6 || total
-------------------------+-------+-------++-------
Melee: Unarmed           |    13 |       ||    13
       Kick              |     5 |       ||     5
 Cast: Shock             |    72 |     1 ||    73
       Static Discharge  |     8 |     3 ||    11
Armor: Robe              |     5 |       ||     5
Dodge: Dodged            |    14 |     2 ||    16
